 Dungeon Crawl Stone Soup version 0.19.0-17-g07987d3 (webtiles) character file.

1580093 Medar the Cloud Mage (level 27, 187/187 HPs)
             Began as a High Elf Ice Elementalist on Nov 9, 2016.
             Was the Champion of Ashenzari.
             Escaped with the Orb
             ... and 3 runes on Nov 10, 2016!
             The game lasted 05:43:15 (88732 turns).

Medar the Cloud Mage (High Elf Ice Elementalist)   Turns: 88732, Time: 05:43:15

Health: 187/187    AC: 26    Str: 16      XL:     27
Magic:  57/57      EV: 31    Int: 39 (42) God:    Ashenzari [******]
Gold:   4030       SH: 26    Dex: 20      Spells: 13 memorised, 8 levels left

rFire  + . .     SeeInvis +     a - staff of air (curse)
rCold  + . .     Gourm    .     V - +5 steam dragon scales (curse)
rNeg   . . .     Faith    .     P - +1 large shield of the Endless Expanse {rCorr Int+5 Dex-3} (curse)
rPois  +         Spirit   .     g - +1 helmet {Int+3} (curse)
rElec  +         Reflect  .     U - +2 cloak {MR+} (curse)
rCorr  +         Harm     +     v - +2 pair of gloves {Dex+3} (curse)
MR     ++++.     Clarity  +     T - +2 pair of boots (curse)
Stlth  ++........               k - amulet "Axuviz Qurgh" {Harm *Drain rPois MR+ Int+3 Stlth-} (curse)
                                O - ring of the Two Names {*Contam rElec rC+ MP+9 Str+9} (curse)
                                N - ring of protection from fire (curse)

@: repel missiles
A: no striking features
a: Curse Item, Scrying, Transfer Knowledge, Renounce Religion
0: Orb of Zot
}: 3/15 runes: barnacled, silver, gossamer


You escaped.
You worshipped Ashenzari.
Ashenzari was exalted by your worship.
You were not hungry.

You visited 11 branches of the dungeon, and saw 51 of its levels.
You also visited: Sewer, Ice Cave and Desolation.

You collected 8517 gold pieces.
You spent 4487 gold pieces at shops.

Inventory:

Armour
 g - a cursed +1 helmet of intelligence (worn)
 v - a cursed +2 pair of gloves of dexterity (worn)
 P - the cursed +1 large shield of the Endless Expanse (worn) {rCorr Int+5 Dex-3}
   (You found it on level 2 of the Depths)

   It affects your intelligence (+5).
   It affects your dexterity (-3).
   It protects you from acid and corrosion.
   It has a curse placed upon it.
 T - a cursed +2 pair of boots (worn)
 U - a cursed +2 cloak of magic resistance (worn)
 V - cursed +5 steam dragon scales (worn)
Magical Staves
 a - a cursed staff of air (weapon)
Jewellery
 k - the cursed amulet "Axuviz Qurgh" (around neck) {Harm *Drain rPois MR+ Int+3 Stlth-}
   (You found it on level 6 of the Lair of Beasts)

   [amulet of harm]

   It increases damage dealt and taken.
   It affects your intelligence (+3).
   It protects you from poison.
   It affects your resistance to hostile enchantments.
   It causes draining when unequipped.
   It makes you less stealthy.
   It has a curse placed upon it.
 N - a cursed ring of protection from fire (left hand)
 O - the cursed ring of the Two Names (right hand) {*Contam rElec rC+ MP+9 Str+9}
   (You found it on level 5 of the Vaults)

   [ring of magical power]

   It affects your strength (+9).
   It protects you from cold.
   It insulates you from electricity.
   It affects your magic capacity (+9).
   It causes magical contamination when unequipped.
   It has a curse placed upon it.
Wands
 b - a wand of heal wounds (2/9)
 A - a wand of heal wounds (5/9)
 E - a wand of heal wounds (4/9)
 F - a wand of disintegration (12/24)
 H - a wand of teleportation (1/9)
 L - a wand of digging (17/24)
 Y - a wand of iceblast (9/15)
Scrolls
 e - 9 scrolls of recharging
 f - 3 scrolls of remove curse {@r1}
 h - 12 scrolls of fog
 i - 5 scrolls of silence {!r}
 p - 4 scrolls of holy word
 r - 5 scrolls of fear
 u - 25 scrolls of teleportation
 w - 6 scrolls of blinking
 y - a scroll of summoning
 R - 5 scrolls of magic mapping {@r3}
 S - 25 scrolls of identify {@r2}
 Z - 9 scrolls of amnesia
Potions
 d - 4 potions of heal wounds
 j - 8 potions of flight
 o - 3 potions of invisibility
 s - 14 potions of curing {@q1}
 t - 5 potions of magic
 x - 10 potions of ambrosia
 B - 10 potions of berserk rage {!q}
 C - 6 potions of cancellation
 D - 6 potions of brilliance
 G - 12 potions of might
 K - 4 potions of resistance
 Q - 6 potions of haste
Comestibles
 c - 36 bread rations {@e1}
 m - 15 beef jerkies
 J - 24 fruits {@e3}
 M - 4 meat rations {@e2}


   Skills:
 + Level 15.3 Fighting
 - Level 10.3(13.1) Staves
 + Level 14.6 Armour
 + Level 17.6(21.3) Dodging
 - Level 5.0(9.4) Stealth
 - Level 23.0(25.1) Shields
 + Level 20.6 Spellcasting
 + Level 13.2(17.3) Conjurations
 - Level 2.4(6.0) Hexes
 - Level 6.6(11.1) Charms
 - Level 10.2(14.5) Summonings
 - Level 5.0(9.4) Necromancy
 - Level 8.2(12.6) Translocations
 + Level 8.8(13.2) Ice Magic
 + Level 23.9(27) Air Magic
 - Level 8.2(13.9) Evocations


You had 8 spell levels left.
You knew the following spells:

 Your Spells              Type           Power        Failure   Level  Hunger
b - Lightning Bolt        Conj/Air       ########..   0%          5    None
c - Tornado               Air            #########.   1%          9    ####...
e - Swiftness             Chrm/Air       ########     0%          2    None
f - Summon Hydra          Summ           ########..   1%          7    None
g - Malign Gateway        Summ/Tloc      #######...   1%          7    None
m - Dispel Undead         Necr           #######.     1%          5    None
n - Orb of Destruction    Conj           ########..   1%          7    None
q - Regeneration          Chrm/Necr      #######...   1%          3    None
r - Repel Missiles        Chrm/Air       ######       0%          2    None
s - Confuse               Hex            ######..     1%          3    None
t - Ozocubu's Armour      Chrm/Ice       #######.     0%          3    None
w - Blink                 Tloc           N/A          0%          2    None
x - Throw Icicle          Conj/Ice       ########     0%          4    None


Dungeon Overview and Level Annotations

Branches:
Dungeon (15/15)            Temple (1/1) D:5            Lair (6/6) D:8
 Shoals (4/4) Lair:4       Spider (4/4) Lair:2        Slime (0/5) Lair:6
    Orc (2/2) D:9             Elf (3/3) Orc:2        Vaults (5/5) D:13
  Crypt (0/3) Vaults:2     Depths (5/5) D:15           Hell (1/1)
    Dis (0/7) Hell            Geh (0/7) Hell            Coc (0/7) Hell
    Tar (0/7) Hell            Zot (5/5) Depths:5

Altars:
Ashenzari
Cheibriados
Dithmenos
Elyvilon
Fedhas
Gozag
Hepliaklqana
Kikubaaqudgha
Makhleb
Okawaru
Qazlal
Ru
Sif Muna
Trog
Uskayaw
Vehumet
Xom
Yredelemnul
Zin
The Shining One

Shops:
D:12 *   D:15 *   Orc:2 }[?=   Shoals:2 ?   Vaults:1 %   Vaults:4 [
Depths:5 :

Portals:
Hell: Depths:1 Depths:2 Depths:3 Depths:4 Depths:5
Abyss: Depths:1 Depths:4
Pandemonium: Depths:2 Depths:3
Ziggurat: Depths:4

Annotations:
Zot:2 exclusion: oklob plant
Zot:3 exclusion: upstairs
Zot:4 1 exclusion
Zot:5 2 exclusions


Message History

Where to? (Enter - D:1, ? - help)
You are engulfed in raging winds.
The winds around you calm down.
Things that are here:
a +4 flail; an uncursed spear
There is a stone staircase leading up here.
You climb upwards.
There is a stone staircase leading down here.
There is a stone staircase leading up here.
You climb upwards.
There is a stone staircase leading down here.
You see here an uncursed dagger.
You see here 19 stones.
There is a stone staircase leading up here.
You climb upwards.
Magic restored.
There is a stone staircase leading down here.
There is a fountain of clear blue water here.
There is an open door here.
There is a staircase leading out of the dungeon here.
You have escaped!

##.######.# #.# #..##....#
#........# ###.# #........#
##.###########...#####.##.####
##..# #>)........>..##.#
##...# #........#######.#
..#..# #..⌠...⌠.# #.# ###..###
#...###..# #.# #....#
#...#@'..# #.# #..#.#
#...###..#######.# ###..#.#
#..⌠...⌠.....)...# .....#.#
#........######### #....#.#
#....##### ..####.#####.####
.## #.......# .# #########


There were no monsters in sight!

Vanquished Creatures
  3 orbs of fire
  5 ancient liches
  Boris (twice) (Vaults:2 Depths:4)
  A curse toe (Zot:5)
  A caustic shrike (shapeshifter) (Vaults:5)
  Xtahua (Depths:5)
  4 Killer Klowns (Zot:5)
  Nikola (Elf:3)
  4 caustic shrikes (Depths:2)
  Geryon (Hell)
  10 golden dragons
  3 bone dragons
  2 electric golems (Zot:5)
  Jorgrun (Depths:4)
  10 liches
  18 tentacled monstrosities
  3 quicksilver dragons
  18 Orb Guardians
  8 titans
  2 deep elf master archers (Elf:3)
  A deep elf blademaster (Elf:3)
  Asterion (Spider:2)
  2 ancient champions (Hell)
  5 sphinxes
  2 krakens (Shoals:4)
  14 shadow dragons
  3 death cobs
  Donald (Elf:3)
  12 storm dragons
  A revenant (Vaults:2)
  3 draconian monks
  Ilsuiw (Shoals:4)
  Roxanne (D:14)
  13 fire giants
  14 tengu reavers
  12 frost giants
  8 deep elf sorcerers (Elf:3)
  Aizul (Vaults:1)
  21 vault wardens
  5 ghost moths
  3 emperor scorpions
  4 imperial myrmidons (Desolation)
  4 draconian zealots
  4 iron dragons
  3 draconian shifters
  13 ironheart preservers
  4 balrugs
  10 deep elf elementalists
  3 draconian scorchers
  2 ghouls (Vaults:1)
  27 very ugly things
  15 stone giants
  4 war gargoyles
  4 draconian annihilators
  9 reapers
  4 entropy weavers
  The ghost of Gravenous the Grappler, a journeyman DrMo of Cheibriados (Lair:4)
  An entropy weaver (shapeshifter) (Vaults:5)
  5 green draconians
  2 vampire knights
  3 small abominations
  7 purple draconians
  8 black draconians
  8 red draconians
  9 white draconians
  9 deep elf demonologists
  9 deep elf annihilators
  3 halazid warlocks (Desolation)
  7 yellow draconians
  A dire elephant (Lair:6)
  4 spark wasps (Depths:1)
  10 merfolk impalers
  An ettin (shapeshifter) (Elf:3)
  20 ettins
  8 deep elf death magi
  10 mottled draconians
  An eidolon (Vaults:2)
  8 merfolk javelineers
  5 crystal guardians
  3 blizzard demons
  Josephine (D:15)
  5 rakshasas
  10 fire dragons
  A great orb of eyes (shapeshifter) (Vaults:4)
  11 deep elf high priests
  7 great orbs of eyes
  41 vault guards
  7 servants of whispers (Desolation)
  15 yaktaur captains
  5 ragged hierophants (Desolation)
  17 ice dragons
  A hydra (Lair:6)
  A spriggan air mage (Depths:5)
  10 centaur warriors
  8 peacekeepers (Desolation)
  An anaconda (Lair:6)
  2 catoblepae (D:14)
  2 alligator snapping turtles
  5 merfolk aquamancers
  3 merfolk avatars
  21 ogre magi
  5 death knights
  30 dancing weapons
  3 death yaks
  14 deep troll shamans
  A satyr (Shoals:2)
  A hell hog (shapeshifter) (Vaults:4)
  6 spriggan berserkers
  22 tengu warriors
  11 hell hogs (Hell)
  23 hell knights
  A queen ant (shapeshifter) (Depths:5)
  13 deep troll earth magi
  3 iron golems (Hell)
  Sonja (D:14)
  2 spriggans (Depths:5)
  19 deep elf knights
  3 soul eaters (Depths:2)
  A shadow wraith (Vaults:3)
  A salamander mystic (Depths:4)
  13 sun demons
  10 iron trolls
  8 unseen horrors
  20 skeletal warriors
  53 deep trolls
  13 sea snakes
  2 flayed ghosts
  A swamp dragon (Vaults:3)
  16 wizards
  A glowing orange brain (shapeshifter) (Vaults:3)
  2 quicksilver dragon simulacra (Depths:2)
  12 ironbrand convokers
  13 hill giants
  3 glowing orange brains
  An orange crystal statue (Depths:1)
  16 deep elf archers
  A lindwurm (shapeshifter) (Vaults:5)
  7 phantasmal warriors
  A lindwurm (Lair:4)
  8 orc knights
  77 deep elf magi
  A harpy (shapeshifter) (Vaults:1)
  An anaconda skeleton (Hell)
  7 harpies
  11 necromancers
  42 ugly things
  3 orc sorcerers
  A stone giant zombie (Vaults:1)
  3 salamanders (Depths:4)
  23 wolf spiders
  6 fauns
  2 salamanders (shapeshifter)
  A manticore (shapeshifter) (Vaults:5)
  15 moths of wrath
  16 orb spiders
  A frost giant zombie (Depths:4)
  3 elephants (Lair:6)
  6 cyclopes
  15 manticores
  A sphinx skeleton (Depths:4)
  12 sirens
  4 guardian serpents (Desolation)
  5 ice statues
  18 vault sentinels
  A stone giant skeleton (Vaults:3)
  3 smoke demons
  5 water nymphs
  A black mamba (Lair:5)
  A black mamba (shapeshifter) (D:12)
  14 rust devils
  A torpor snail (shapeshifter) (Depths:2)
  A molten gargoyle (Hell)
  2 torpor snails
  A naga mage (Depths:4)
  A yaktaur zombie (Vaults:3)
  A spriggan skeleton (Depths:4)
  An eye of devastation (Lair:6)
  2 gargoyles (D:13)
  5 spiny frogs
  65 yaktaurs
  2 rime drakes
  9 demonic crawlers
  13 ice devils
  A kobold demonologist (D:13)
  8 komodo dragons
  An anaconda simulacrum (Hell)
  2 hellions (Hell)
  2 efreet
  11 freezing wraiths
  A hellwing (Zot:5)
  9 trolls
  An elf skeleton (Depths:4)
  2 trolls (shapeshifter)
  3 meliai (D:15)
  2 harpy zombies (Shoals:3)
  12 red devils
  2 human skeletons (Vaults:3)
  3 polar bears
  A queen bee (shapeshifter) (Vaults:3)
  2 hydra zombies (Hell)
  A meliai (shapeshifter) (Depths:4)
  7 tengu conjurers
  34 jumping spiders
  4 wind drakes
  31 merfolk
  27 two-headed ogres
  9 blink frogs
  50 saltlings (Desolation)
  7 hornets
  18 slime creatures
  2 hippogriffs (shapeshifter)
  3 hornets (shapeshifter)
  7 dream sheep
  3 hydra skeletons (Hell)
  A dream sheep (shapeshifter) (Vaults:5)
  An alligator zombie (Hell)
  9 snapping turtles
  A snapping turtle (shapeshifter) (Vaults:4)
  13 hippogriffs
  2 meliai zombies
  2 flying skulls (Depths:2)
  4 air elementals
  45 redbacks
  2 redbacks (shapeshifter)
  3 shadows
  7 wyverns
  15 water elementals
  15 tarantellas
  An ettin skeleton (Vaults:1)
  An elf zombie (Depths:4)
  15 wraiths
  A steam dragon (D:12)
  29 yaks
  9 fire elementals
  4 hogs (Spider:2)
  3 basilisks
  A fire bat (shapeshifter) (Depths:3)
  A neqoxec (D:4)
  4 hungry ghosts
  A hog (shapeshifter) (Vaults:2)
  2 vampire mosquitoes (D:15)
  4 wargs
  3 mottled dragons
  11 soldier ants
  4 hell hounds (Depths:2)
  12 water moccasins
  11 porcupines
  A floating eye (Vaults:3)
  2 ice beasts
  4 ettin simulacra (Depths:2)
  4 phantoms
  2 black bears
  3 sky beasts
  A spiny frog skeleton (Hell)
  An alligator simulacrum (Hell)
  A necrophage (D:11)
  37 orc warriors
  67 ogres
  A hornet zombie (D:13)
  3 wolves (Lair:4)
  2 eyes of draining
  11 boggarts
  29 centaurs
  8 crocodiles
  A big kobold (Sewer)
  2 human zombies (Vaults:1)
  19 bullfrogs
  4 earth elementals
  4 wyvern zombies
  A wyvern skeleton (D:12)
  4 killer bees
  4 scorpions
  4 wights
  A howler monkey (D:6)
  7 electric eels
  7 crimson imps
  A quasit (D:12)
  12 orc priests
  3 draconian simulacra (IceCv)
  An iron imp (Hell)
  3 jellies
  3 hounds
  2 centaur skeletons
  5 bullfrog skeletons
  5 iguanas
  23 orc wizards
  5 hell rats (Hell)
  20 worker ants
  A troll simulacrum (IceCv)
  A spriggan simulacrum (IceCv)
  2 hound skeletons
  12 adders
  14 gnolls
  A naga simulacrum (IceCv)
  2 ogre simulacra (IceCv)
  3 river rats
  2 shadow imps
  2 white imps (Hell)
  An ooze (D:3)
  4 adder skeletons
  3 worms
  3 dart slugs
  7 leopard geckos
  72 orcs
  5 giant cockroaches
  5 goblins
  7 hobgoblins
  18 jackals
  16 kobolds
  7 quokkas
  12 bats
  4 frilled lizards
  A jackal skeleton (D:5)
  A leopard gecko skeleton (D:6)
  16 rats
  A butterfly (Lair:6)
  9 crawling corpses
  35 plants
  4 tentacles (Shoals:4)
2505 creatures vanquished.

Vanquished Creatures (collateral kills)
  A Killer Klown (Zot:5)
  A golden dragon (Zot:3)
  Arachne (Spider:2)
  2 tentacled monstrosities (Zot:5)
  Rupert (D:15)
  2 Orb Guardians (Zot:5)
  Kirke (Spider:2)
  Louise (D:14)
  4 emperor scorpions
  3 entropy weavers (Spider:1)
  2 spark wasps (Spider:4)
  5 dire elephants (Lair:6)
  Snorg (Lair:5)
  An ogre mage (D:15)
  4 merfolk impalers
  The ghost of Lluna the Unseen, a journeyman SpAs of Ashenzari (Lair:3)
  3 hydras
  2 catoblepae
  A death knight (D:11)
  6 death yaks
  A queen ant (Spider:1)
  Urug (Lair:5)
  2 skeletal warriors (D:15)
  2 sea snakes
  2 hill giants
  A wizard (D:14)
  A phantasmal warrior (D:11)
  10 harpies
  2 ugly things (D:15)
  8 wolf spiders
  2 orc knights
  14 orb spiders
  A cyclops (D:14)
  2 manticores
  6 fauns (Shoals:2)
  2 sirens (Shoals:2)
  4 elephants
  2 moths of wrath (Zot:5)
  A spiny frog (Lair:5)
  A rime drake (Lair:2)
  2 ice devils (IceCv)
  A freezing wraith (D:11)
  3 demonic crawlers
  A tengu conjurer (D:13)
  3 trolls
  A harpy zombie (Shoals:3)
  22 jumping spiders
  A two-headed ogre (D:15)
  16 blink frogs
  5 merfolk
  2 hornets (Spider:4)
  A wind drake (Shoals:4)
  A polar bear (Lair:3)
  Prince Ribbit (D:6)
  A hippogriff (Lair:2)
  7 dream sheep
  33 redbacks
  2 water elementals (Shoals:2)
  A spriggan (D:14)
  16 tarantellas
  A shadow (D:15)
  2 wyverns
  25 yaks
  A wraith (D:15)
  2 steam dragons
  A hungry ghost (D:9)
  A vampire mosquito (D:12)
  A warg (Orc:1)
  6 soldier ants (Spider:1)
  Duvessa (D:6)
  2 water moccasins
  A porcupine (Lair:2)
  3 ice beasts
  A black bear (D:10)
  14 orc warriors
  2 sky beasts (D:10)
  An eye of draining (Lair:6)
  6 centaurs
  6 ogres
  A wolf (Lair:4)
  5 crocodiles
  A hippogriff zombie (Shoals:3)
  A big kobold (D:10)
  3 bullfrogs
  A wyvern skeleton (D:13)
  Dowan (D:6)
  2 scorpions
  4 killer bees
  2 wights (D:8)
  An electric eel (Lair:5)
  2 howler monkeys
  A bullfrog zombie (D:7)
  A quasit (D:8)
  Crazy Yiuf (D:5)
  5 orc priests
  A jelly (D:8)
  10 orc wizards
  12 worker ants (Spider:1)
  A troll simulacrum (IceCv)
  A centaur simulacrum (IceCv)
  An adder (D:10)
  26 orcs
  2 jackals (D:8)
  7 kobolds
  A fungus (Lair:6)
  3 plants (Lair:6)
402 creatures vanquished.

Vanquished Creatures (others)
  5 eldritch tentacles
  A kraken (Shoals:4)
  A tengu reaver (Vaults:3)
  2 ghost moths (Spider:4)
  A draconian knight (Zot:1)
  An ogre mage (Depths:3)
  An ice dragon (Depths:1)
  An orc high priest (Elf:1)
  A skeletal warrior (D:14)
  An ugly thing (D:15)
  A cyclops (D:14)
  An elephant (Lair:6)
  An ice statue (IceCv)
  A black mamba (Lair:6)
  2 demonic crawlers (Spider:1)
  2 jumping spiders
  2 harpy zombies (Shoals:3)
  A troll (Orc:1)
  A two-headed ogre (Depths:3)
  A saltling (Desolation)
  2 redbacks
  3 yaks
  An ettin simulacrum (Depths:2)
  2 ogres
  A centaur zombie (D:5)
  2 orc wizards
  An iguana (D:14)
  A worker ant (Spider:1)
  A gnoll (D:2)
  A ball lightning (Desolation)
  An orc (Orc:2)
  A hobgoblin (D:2)
  A bush (Lair:6)
  19 fungi
  84 plants
  13 tentacles (Shoals:4)
162 creatures vanquished.

Grand Total: 3069 creatures vanquished

Notes
Turn   | Place    | Note
-------+----------+-------------------------------------------
     0 | D:1      | Medar the High Elf Ice Elementalist began the quest for the Orb.
     0 | D:1      | Reached XP level 1. HP: 11/11 MP: 4/4
   369 | D:1      | Reached XP level 2. HP: 17/17 MP: 1/6
   483 | D:1      | Learned a level 2 spell: Throw Frost
  1003 | D:2      | Reached XP level 3. HP: 21/21 MP: 6/8
  1008 | D:2      | Learned a level 3 spell: Ozocubu's Armour
  1337 | D:2      | Found a shimmering altar of Xom.
  1339 | D:2      | Found a sacrificial altar of Ru.
  1339 | D:2      | Found a hide-covered altar of Uskayaw.
  1341 | D:2      | Found a hazy altar of Hepliaklqana.
  1341 | D:2      | Found a deep blue altar of Sif Muna.
  1341 | D:2      | Found an iron altar of Okawaru.
  1638 | D:2      | Reached XP level 4. HP: 25/27 MP: 0/9
  1802 | D:2      | Reached skill level 1 in Charms
  2359 | D:2      | Found an iron altar of Okawaru.
  2453 | D:2      | Reached XP level 5. HP: 25/31 MP: 9/11
  2579 | D:3      | Learned a level 2 spell: Ensorcelled Hibernation
  2583 | D:3      | Learned a level 3 spell: Dazzling Spray
  2659 | D:3      | Found a faded altar of an unknown god.
  2979 | D:3      | Reached skill level 1 in Hexes
  3954 | D:4      | Reached XP level 6. HP: 34/36 MP: 2/13
  4294 | D:4      | Found a blossoming altar of Fedhas.
  4857 | D:4      | Reached skill level 5 in Spellcasting
  4941 | D:4      | Learned a level 4 spell: Summon Ice Beast
  4976 | D:4      | Reached skill level 1 in Summonings
  5033 | D:4      | Found a faded altar of an unknown god.
  5033 | D:4      | Found a stormy altar of Qazlal.
  5038 | D:4      | Found a faded altar of an unknown god.
  5040 | D:4      | Found a faded altar of an unknown god.
  5042 | D:4      | Found a faded altar of an unknown god.
  5295 | D:5      | Entered Level 5 of the Dungeon
  5374 | D:5      | Found a staircase to the Ecumenical Temple.
  5383 | Temple   | Entered the Ecumenical Temple
  5477 | Temple   | Became a worshipper of Ashenzari the Shackled
  5535 | D:5      | Noticed an ice beast
  5589 | D:5      | Found a glowing drain.
  5597 | Sewer    | Entered a sewer
  5611 | Sewer    | Reached XP level 7. HP: 33/41 MP: 6/15
  5861 | Sewer    | Found a white marble altar of Elyvilon.
  6373 | D:5      | Found a glowing golden altar of the Shining One.
  6429 | D:5      | Reached skill level 5 in Ice Magic
  6507 | D:5      | Found a white marble altar of Elyvilon.
  6529 | D:5      | Found a runed door.
  7118 | D:5      | Reached XP level 8. HP: 23/46 MP: 9/17
  7377 | D:5      | Noticed Crazy Yiuf
  7385 | D:5      | Killed Crazy Yiuf
  7721 | D:6      | Reached skill level 5 in Conjurations
  7761 | D:6      | Learned a level 4 spell: Throw Icicle
  7816 | D:6      | Found a bloodstained altar of Trog.
  7825 | D:6      | Reached skill level 1 in Fighting
  7825 | D:6      | Reached skill level 1 in Maces & Flails
  8079 | D:6      | Noticed Duvessa
  8079 | D:6      | Noticed Dowan
  8096 | D:6      | Killed Dowan
  8540 | D:6      | Killed Duvessa
  9113 | D:6      | Noticed Prince Ribbit
  9121 | D:6      | Killed Prince Ribbit
  9720 | D:7      | Reached * piety under Ashenzari
  9736 | D:7      | Reached XP level 9. HP: 56/56 MP: 12/19
 10140 | D:7      | Learned a level 3 spell: Confuse
 10268 | D:7      | Found a shadowy altar of Dithmenos.
 10982 | D:8      | Found a staircase to the Lair.
 10982 | D:8      | Noticed a death yak
 10982 | D:8      | Noticed an elephant
 11032 | D:8      | Found a basalt altar of Yredelemnul.
 11551 | D:9      | Found a staircase to the Orcish Mines.
 11552 | D:9      | Found a white marble altar of Elyvilon.
 11791 | D:9      | Noticed a troll
 11834 | D:9      | Found a radiant altar of Vehumet.
 11868 | D:9      | Reached ** piety under Ashenzari
 11884 | D:9      | Found a glowing silver altar of Zin.
 11930 | D:9      | Reached skill level 5 in Dodging
 12049 | D:9      | Found a runed door.
 12086 | D:9      | Killed a troll
 12211 | D:9      | Noticed a hill giant
 12275 | D:9      | Found a runed door.
 12407 | D:9      | Killed a hill giant
 12424 | D:9      | Learned a level 4 spell: Summon Lightning Spire
 12652 | D:8      | Reached skill level 1 in Air Magic
 12668 | D:8      | Killed a death yak
 12668 | D:8      | Reached XP level 10. HP: 63/63 MP: 3/23
 13015 | D:8      | Learned a level 2 spell: Repel Missiles
 13566 | D:8      | Killed an elephant
 13671 | D:8      | Learned a level 2 spell: Swiftness
 14022 | D:8      | Reached skill level 10 in Spellcasting
 14161 | Lair:1   | Entered Level 1 of the Lair of Beasts
 15130 | Lair:1   | Reached *** piety under Ashenzari
 15442 | Lair:2   | Reached skill level 1 in Evocations
 15704 | Lair:2   | Found a hole to the Spider Nest.
 16112 | Lair:2   | Reached XP level 11. HP: 67/67 MP: 17/26
 16163 | Lair:2   | Identified the +8 rapier "Cucemog" {drain, MR+ Str+2}
 16276 | Lair:2   | Identified the Reference Book on Battle Magic
 16785 | Lair:3   | Reached skill level 5 in Stealth
 17021 | Lair:3   | Noticed Lluna's ghost (journeyman SpAs)
 17033 | Lair:3   | Killed Lluna's ghost
 17312 | Lair:3   | Learned a level 5 spell: Lightning Bolt
 17422 | Lair:3   | Reached **** piety under Ashenzari
 18016 | Lair:3   | Reached skill level 5 in Fighting
 18458 | Lair:4   | Noticed Gravenous's ghost (journeyman DrMo)
 18499 | Lair:4   | Reached skill level 5 in Air Magic
 18588 | Lair:4   | Noticed a six-headed hydra
 19242 | Lair:4   | Found a staircase to the Shoals.
 19399 | Lair:4   | Killed a six-headed hydra
 19513 | Lair:4   | Noticed a lindwurm
 19517 | Lair:4   | Killed a lindwurm
 20263 | Lair:5   | Reached ***** piety under Ashenzari
 20320 | Lair:5   | Reached XP level 12. HP: 82/82 MP: 7/27
 20568 | Lair:5   | Noticed Urug
 20585 | Lair:5   | Killed Urug
 20860 | Lair:5   | Noticed a five-headed hydra
 20869 | Lair:5   | Killed a five-headed hydra
 20876 | Lair:5   | Noticed Snorg
 20894 | Lair:5   | Killed Snorg
 22126 | Lair:6   | Entered Level 6 of the Lair of Beasts
 22305 | Lair:6   | Reached skill level 10 in Conjurations
 22359 | Lair:6   | Noticed a four-headed hydra
 22364 | Lair:6   | Killed a four-headed hydra
 22589 | Lair:6   | Found a staircase to the Slime Pits.
 22796 | Lair:6   | Noticed a death yak
 23463 | Lair:6   | Noticed a death yak
 23464 | Lair:6   | Noticed a death yak
 23499 | Lair:6   | Killed a death yak
 23738 | Lair:6   | Noticed a death yak
 23738 | Lair:6   | Noticed a death yak
 23809 | Lair:5   | Killed a death yak
 24003 | Lair:5   | Killed a death yak
 24303 | Lair:6   | Killed a death yak
 24477 | Lair:6   | Reached skill level 5 in Summonings
 24534 | Lair:6   | Identified the amulet "Axuviz Qurgh" {Harm *Drain rPois MR+ Int+3 Stlth-}
 24550 | Lair:6   | Reached XP level 13. HP: 90/90 MP: 16/29
 25296 | Lair:6   | Noticed a dire elephant
 25306 | Lair:6   | Killed a dire elephant
 25307 | Lair:6   | Noticed a dire elephant
 25322 | Lair:6   | Noticed a dire elephant
 25852 | Lair:6   | Killed a dire elephant
 25989 | Lair:6   | Noticed a dire elephant
 25989 | Lair:6   | Noticed a dire elephant
 26918 | Orc:1    | Entered Level 1 of the Orcish Mines
 27126 | Orc:2    | Entered Level 2 of the Orcish Mines
 27778 | Orc:1    | Reached ****** piety under Ashenzari
 30208 | Orc:2    | Found a bloodstained altar of Trog.
 30532 | Orc:2    | Found Tasoem's Antique Armour Shoppe.
 30532 | Orc:2    | Found Bitijaj's Magic Scroll Boutique.
 30534 | Orc:2    | Found Moesamibu's Jewellery Shop.
 30536 | Orc:2    | Found Ferysuge's Gadget Emporium.
 30541 | Orc:2    | Bought a scroll of identify for 28 gold pieces
 30541 | Orc:2    | Bought a scroll of identify for 28 gold pieces
 30541 | Orc:2    | Bought a scroll of amnesia for 49 gold pieces
 30541 | Orc:2    | Bought a scroll of remove curse for 42 gold pieces
 30594 | Orc:2    | Found a staircase to the Elven Halls.
 30617 | Orc:2    | Upgraded the game from 0.19.0-11-g3fc08b3 to 0.19.0-16-g73b5abf
 30700 | D:8      | Learned a level 7 spell: Spellforged Servitor
 31365 | Lair:4   | Found a staircase to the Shoals.
 31389 | Lair:4   | Killed Gravenous's ghost
 31542 | Lair:6   | Noticed a dire elephant
 31547 | Lair:6   | Killed a dire elephant
 31753 | Lair:6   | Killed a dire elephant
 31969 | Lair:6   | Killed a dire elephant
 31974 | Lair:6   | Killed a dire elephant
 32233 | D:10     | Entered Level 10 of the Dungeon
 32588 | D:10     | Reached XP level 14. HP: 92/98 MP: 11/31
 33526 | D:11     | Reached skill level 10 in Fighting
 33644 | D:11     | Identified the +2 spear of Generosity {pierce, -Tele +Rage Str+4 Dex+4}
 33669 | D:11     | Gained mutation: Armour fits poorly on your strangely shaped body. [mutagenic meat]
 33670 | D:11     | Gained mutation: You have sharp toenails. [mutagenic meat]
 33671 | D:11     | Gained mutation: Your spells are a little harder to cast, but a little more powerful. [mutagenic meat]
 34437 | D:11     | Reached skill level 10 in Dodging
 34872 | D:8      | Learned a level 3 spell: Regeneration
 34945 | Orc:2    | Bought a scroll of acquirement for 728 gold pieces
 34952 | Orc:2    | Bought a wand of digging (11/24) for 330 gold pieces
 34955 | Orc:2    | Bought a scroll of teleportation for 42 gold pieces
 34955 | Orc:2    | Bought a scroll of recharging for 133 gold pieces
 34955 | Orc:2    | Bought a scroll of enchant weapon for 105 gold pieces
 34955 | Orc:2    | Bought a scroll of silence for 105 gold pieces
 34955 | Orc:2    | Bought a scroll of teleportation for 42 gold pieces
 34955 | Orc:2    | Bought a scroll of teleportation for 42 gold pieces
 35316 | D:12     | Reached skill level 1 in Armour
 35332 | D:12     | Noticed a sphinx
 35334 | D:12     | Killed a sphinx
 35334 | D:12     | Reached skill level 1 in Necromancy
 35616 | D:12     | Found Dibubu's Assorted Antiques.
 35705 | D:12     | Bought a scroll of enchant armour for 270 gold pieces
 35705 | D:12     | Bought a pair of glowing gloves for 378 gold pieces
 35714 | D:12     | Bought a scroll of fear for 126 gold pieces
 36231 | D:13     | Reached skill level 10 in Air Magic
 37103 | D:13     | Found a gate to the Vaults.
 37336 | D:13     | Gained mutation: You tend to lose your temper in combat. [mutagenic meat]
 37337 | D:13     | Lost mutation: Your spells are a little harder to cast, but a little more powerful. [mutagenic meat]
 37337 | D:13     | Lost mutation: Armour fits poorly on your strangely shaped body. [potion of cure mutation]
 37337 | D:13     | Lost mutation: You tend to lose your temper in combat. [potion of cure mutation]
 37337 | D:13     | Lost mutation: You have sharp toenails. [potion of cure mutation]
 37580 | D:13     | Reached skill level 5 in Armour
 38091 | D:14     | Noticed Sonja
 38094 | D:14     | Killed Sonja
 38094 | D:14     | Reached skill level 1 in Shields
 38134 | D:14     | Noticed Roxanne
 38243 | D:14     | Noticed Louise
 38542 | D:14     | Killed Louise
 38542 | D:14     | Reached XP level 15. HP: 103/103 MP: 4/33
 38770 | D:15     | Entered Level 15 of the Dungeon
 39041 | D:15     | Reached skill level 5 in Shields
 39275 | D:15     | Found a frozen archway.
 39324 | IceCv    | Entered an ice cave
 39891 | IceCv    | Identified the +8 scythe "Rim Tuwn" {slice, rF+ MR+} (You took it off a necromancer in an ice cave)
 40552 | IceCv    | Identified the cursed +0 halberd of Anxiety {elec, rF++ rC-}
 41192 | D:15     | Noticed Josephine
 41199 | D:15     | Killed Josephine
 41516 | D:15     | Found a staircase to the Depths.
 41630 | D:15     | Noticed Rupert
 41641 | D:15     | Killed Rupert
 42372 | D:15     | Found Cojaf's General Store.
 42535 | D:12     | Bought a bubbling ruby potion for 32 gold pieces
 42714 | Spider:1 | Entered Level 1 of the Spider Nest
 44108 | Spider:1 | Reached XP level 16. HP: 105/109 MP: 5/34
 45823 | Spider:2 | Noticed Arachne
 45838 | Spider:2 | Killed Arachne
 46215 | Spider:2 | Noticed Asterion
 46223 | Spider:2 | Killed Asterion
 46901 | Spider:2 | Noticed Kirke
 46914 | Spider:2 | Killed Kirke
 46918 | Spider:2 | Reached skill level 15 in Air Magic
 47045 | Spider:2 | Identified the amulet "Jamn" {Faith +Blink rElec rPois Dex-3}
 48743 | Spider:4 | Entered Level 4 of the Spider Nest
 50340 | Spider:3 | Reached XP level 17. HP: 115/115 MP: 3/36
 51062 | Spider:4 | Reached skill level 15 in Spellcasting
 52259 | Spider:4 | Identified the cursed +3 great mace of Destiny {crush, *Slow rElec rPois MR+++ Int-5}
 52389 | Spider:4 | Got a gossamer rune of Zot
 52723 | D:8      | Learned a level 9 spell: Tornado
 53023 | Shoals:1 | Entered Level 1 of the Shoals
 53158 | Shoals:1 | Identified the ring of Caethub {+Fly rC+ MP+9}
 53911 | Shoals:1 | Found a glowing golden altar of the Shining One.
 55024 | Shoals:2 | Found Zuporphe's Magic Scroll Emporium.
 55035 | Shoals:2 | Bought a scroll of blinking for 112 gold pieces
 55035 | Shoals:2 | Bought a scroll of enchant armour for 112 gold pieces
 55035 | Shoals:2 | Bought a scroll of remove curse for 45 gold pieces
 55035 | Shoals:2 | Bought a scroll of remove curse for 45 gold pieces
 55035 | Shoals:2 | Bought a scroll of amnesia for 52 gold pieces
 56559 | Shoals:4 | Entered Level 4 of the Shoals
 57595 | Shoals:4 | Reached XP level 18. HP: 114/121 MP: 5/38
 58081 | Shoals:4 | Noticed Ilsuiw
 58091 | Shoals:4 | Killed Ilsuiw
 58793 | Shoals:4 | Identified the Collected Works on the Bewitching Blaze
 58982 | Shoals:3 | Identified the +4 hunting sling of Ytitesh {flame, rC+ Str+4 Int+2} (You took it off a merfolk on level 3 of the Shoals)
 59021 | Shoals:4 | Reached skill level 10 in Armour
 60225 | Shoals:4 | Got a barnacled rune of Zot
 60397 | Shoals:2 | Bought a scroll of teleportation for 45 gold pieces
 60397 | Shoals:2 | Bought a scroll of silence for 112 gold pieces
 60701 | Orc:2    | Bought a scroll of acquirement for 728 gold pieces
 60864 | Vaults:1 | Entered Level 1 of the Vaults
 61008 | Vaults:1 | Found a ruined gateway.
 61030 | Desolati | Entered the Desolation of Salt
 61048 | Desolati | Identified the ring "Rosod" {+Fly rPois rF- rN++ Stlth+}
 61051 | Desolati | Reduced skill Maces & Flails to level 1
 61060 | Desolati | Identified the +3 falchion of Deapiul {slice, rPois rF- rN+}
 61072 | Desolati | Identified the +6 war axe "Pukioshro" {speed, rElec rPois Str-4 Int+2}
 61073 | Desolati | Identified the Almanac of Supportive Clay
 61224 | Desolati | Reached skill level 5 in Staves
 61345 | Desolati | Identified the cursed +0 leather armour "Huczus" {rC+ rN+}
 61345 | Desolati | Identified the +3 leather armour of Focus {rN++ Str+2 Dex+4 Slay-6 SInv}
 61358 | Desolati | Identified the Handbook of Cloudy Summoning
 61360 | Desolati | Identified the Guide on the Captivating Entourage
 61502 | Desolati | Reached skill level 5 in Evocations
 61535 | Desolati | Reached XP level 19. HP: 120/127 MP: 23/40
 61572 | Desolati | Learned a level 2 spell: Blink
 61573 | Desolati | Identified Edinin's Incunabulum of Sinister Cold
 61865 | Vaults:1 | Noticed Aizul
 61870 | Vaults:1 | Killed Aizul
 63025 | Vaults:1 | Found Emokh's Food Shop.
 64023 | Vaults:2 | Found a staircase to the Crypt.
 64026 | Vaults:2 | Noticed Boris
 64043 | Vaults:2 | Killed Boris
 64192 | Vaults:2 | Reached XP level 20. HP: 135/135 MP: 26/41
 65114 | Vaults:3 | Reached skill level 10 in Staves
 66666 | Vaults:4 | Found Ragridwo's Antique Armour Shoppe.
 66672 | Vaults:4 | Bought an embroidered cloak for 378 gold pieces
 66672 | Vaults:4 | Bought a glowing helmet for 378 gold pieces
 67241 | Vaults:4 | Reached XP level 21. HP: 144/144 MP: 39/42
 67390 | Vaults:4 | Identified the amulet "Akivvar" {Gourm rF+}
 67664 | Vaults:4 | Upgraded the game from 0.19.0-16-g73b5abf to 0.19.0-17-g07987d3
 67835 | Vaults:3 | Learned a level 7 spell: Malign Gateway
 67917 | Vaults:3 | Reached skill level 1 in Translocations
 68236 | D:14     | Killed Roxanne
 68269 | D:14     | Identified Roxanne's Grimoire of Clay (You took it off Roxanne on level 14 of the Dungeon)
 68350 | Depths:1 | Entered Level 1 of the Depths
 68940 | Depths:1 | Reached skill level 5 in Translocations
 69126 | Depths:1 | Found a runed door.
 69695 | Depths:1 | Found a one-way gate to the infinite horrors of the Abyss.
 69827 | Depths:1 | Found a gateway to Hell.
 70435 | Depths:2 | Found a shimmering altar of Xom.
 70717 | Depths:2 | Noticed a golden dragon
 70727 | Depths:2 | Killed a golden dragon
 70732 | Depths:2 | Reached skill level 10 in Shields
 70743 | Depths:2 | Reached XP level 22. HP: 131/151 MP: 25/43
 70770 | Depths:2 | Identified the cursed +4 chain mail of the Three Mice {rN+ Str+7} (You took it off a tengu warrior on level 2 of the Depths)
 70845 | Depths:2 | Identified the +3 spear of Disorder {pierce, rF++} (You took it off a necromancer on level 2 of the Depths)
 70970 | Depths:2 | Found an opulent altar of Gozag.
 70970 | Depths:2 | Found a one-way gate leading to the halls of Pandemonium.
 71427 | Depths:2 | Found a basalt altar of Yredelemnul.
 71438 | Depths:2 | Noticed a caustic shrike
 71441 | Depths:2 | Noticed a caustic shrike
 71445 | Depths:2 | Killed a caustic shrike
 71447 | Depths:2 | Killed a caustic shrike
 71466 | Depths:2 | Noticed a caustic shrike
 71468 | Depths:2 | Noticed a caustic shrike
 71472 | Depths:2 | Reached skill level 15 in Dodging
 71472 | Depths:2 | Killed a caustic shrike
 71473 | Depths:2 | Killed a caustic shrike
 71875 | Depths:2 | Identified the +1 leather armour "Atyajuev" {rPois rF+ MP+9 Stlth+}
 72031 | Depths:2 | Found a snail-covered altar of Cheibriados.
 72066 | Depths:2 | Identified the +1 large shield of the Endless Expanse {rCorr Int+5 Dex-3}
 72622 | Depths:3 | Identified the ring "Owyrilu" {Fire MR++ Str-5 Dex+4 Stlth+}
 73520 | Depths:4 | Noticed Jorgrun
 73531 | Depths:4 | Killed Jorgrun
 73531 | Depths:4 | Reached XP level 23. HP: 159/159 MP: 43/45
 73849 | Depths:4 | Found a gateway to a ziggurat.
 73849 | Depths:4 | Noticed Boris
 73857 | Depths:4 | Killed Boris
 74161 | Depths:4 | Identified the Almanac of Stones and Poisoning
 74178 | Depths:4 | Found a deep blue altar of Sif Muna.
 74313 | Depths:4 | Identified the +2 lajatang "Emuza" {venom, rPois rN+}
 74313 | Depths:4 | Identified the ring of Pewiunef {rN+ AC+3 Str+3 Dex+6}
 74313 | Depths:4 | Identified the cursed +1 long sword of the Snake Pit {pain, *Noise Dex+6}
 74363 | Depths:4 | Identified the Tome of Vitriolic Air
 74370 | Depths:4 | Identified the Incunabulum of Blistering Stolen Souls
 74391 | Depths:4 | Identified Lirut's Grimoire of Glacial Fascination
 74474 | Depths:5 | Entered Level 5 of the Depths
 74866 | Depths:5 | Noticed Xtahua
 74872 | Depths:5 | Killed Xtahua
 74942 | Depths:5 | Found Effan's Book Emporium.
 75004 | Depths:5 | Found a gate to the Realm of Zot.
 75304 | Depths:5 | Identified the +1 robe of Good Intentions {+Fly rCorr Dex+6 Slay-5}
 75875 | Vaults:5 | Entered Level 5 of the Vaults
 75880 | Vaults:5 | Reached XP level 24. HP: 166/167 MP: 32/46
 75887 | Vaults:5 | Noticed an ancient lich
 75891 | Vaults:5 | Reached skill level 15 in Shields
 76037 | Vaults:5 | Killed an ancient lich
 76773 | Vaults:5 | Reached XP level 25. HP: 168/172 MP: 46/46
 76784 | Vaults:5 | Identified the ring of the Greedy {rPois MR- Int+3 Stlth+} (You took it off an ogre mage on level 5 of the Vaults)
 76791 | Vaults:5 | Identified the +5 mace of Ijug {drain, *Drain Str+3 Int+4 Dex+4}
 76792 | Vaults:5 | Identified the +1 war axe "Wecuz" {venom, Dex+3}
 76795 | Vaults:5 | Identified the Catalogue of Scorching Calling
 77010 | Vaults:5 | Identified the ring of the Two Names {*Contam rElec rC+ MP+9 Str+9}
 77042 | Vaults:5 | Identified the Compendium of the Aerial Oath
 77653 | Vaults:5 | Identified the +6 plate armour of Imperfection {rN+ MR- Int+7} (You took it off a vault warden on level 5 of the Vaults)
 77701 | Vaults:5 | Got a silver rune of Zot
 77961 | Vaults:5 | Identified the cursed +0 pair of gloves "Qoent" {Dex+3}
 77964 | Vaults:5 | Identified the +5 longbow "Impbane" {venom, rElec rF+++ Str-3 Stlth+}
 77965 | Vaults:5 | Identified the +0 plate armour of Gluttony {rElec Dex+5}
 78402 | Elf:1    | Entered Level 1 of the Elven Halls
 79575 | Elf:2    | Found a huge runed gate.
 79575 | Elf:2    | Found a huge runed gate.
 79575 | Elf:2    | Found a huge runed gate.
 79575 | Elf:2    | Found a huge runed gate.
 79575 | Elf:2    | Found a huge runed gate.
 80304 | Elf:3    | Entered Level 3 of the Elven Halls
 80325 | Elf:3    | Found an ancient bone altar of Kikubaaqudgha.
 80366 | Elf:3    | Noticed Donald
 80371 | Elf:3    | Killed Donald
 80589 | Elf:3    | Noticed Nikola
 80602 | Elf:3    | Killed Nikola
 81169 | Elf:3    | Reached XP level 26. HP: 179/179 MP: 45/46
 81731 | Elf:3    | Identified the +10 dire flail of Purpose {elec, +Rage rPois rC+ Dex+2} (You took it off a deep elf death mage on level 3 of the Elven Halls)
 81735 | Elf:3    | Identified the ring of Winepn {*Drain +Fly rElec Int+6 Stlth+} (You took it off a deep elf elementalist on level 3 of the Elven Halls)
 81755 | Elf:3    | Identified the ring of Susol {rElec rN+} (You took it off a deep elf annihilator on level 3 of the Elven Halls)
 81854 | Elf:3    | Identified Sif Muna's Incunabulum of Shifting Combat Magic
 81882 | Elf:3    | Identified the +0 pair of boots "Lemm" {rF- Int+7}
 81883 | Elf:3    | Identified the +5 scale mail of Xabyseam {Int+2}
 81901 | Elf:3    | Identified the Compendium of the Birds and Ice
 82172 | D:8      | Learned a level 5 spell: Dispel Undead
 82180 | D:8      | Learned a level 7 spell: Summon Hydra
 82188 | D:8      | Learned a level 7 spell: Orb of Destruction
 82497 | Hell     | Entered the Vestibule of Hell
 82497 | Hell     | Noticed Geryon
 82512 | Hell     | Killed Geryon
 83047 | Hell     | Found a gateway to the freezing wastes of Cocytus.
 83113 | Hell     | Found a gateway to the Iron City of Dis.
 83192 | Hell     | Found a gateway to the ashen valley of Gehenna.
 83265 | Hell     | Found a gateway to the decaying netherworld of Tartarus.
 83463 | Zot:1    | Entered Level 1 of the Realm of Zot
 83738 | Zot:2    | Reached XP level 27. HP: 170/184 MP: 34/47
 85146 | Zot:3    | Noticed an orb of fire
 85438 | Zot:3    | Noticed an ancient lich
 85461 | Zot:3    | Killed an ancient lich
 85731 | Zot:4    | Reached skill level 10 in Summonings
 85779 | Zot:4    | Noticed an orb of fire
 85783 | Zot:4    | Gained mutation: You are clumsy. (Dex -2) [an orb of fire]
 85784 | Zot:4    | Killed an orb of fire
 86118 | Zot:4    | Reached skill level 5 in Necromancy
 86290 | Zot:5    | Entered Level 5 of the Realm of Zot
 87267 | Zot:5    | Noticed an ancient lich
 87275 | Zot:5    | Killed an ancient lich
 87276 | Zot:5    | Noticed an ancient lich
 87281 | Zot:5    | Killed an ancient lich
 87281 | Zot:5    | Reached skill level 5 in Charms
 87539 | Zot:5    | Reached skill level 15 in Fighting
 87583 | Zot:5    | Noticed an orb of fire
 87585 | Zot:5    | Gained mutation: You are weak. (Str -2) [an orb of fire]
 87588 | Zot:5    | Gained mutation: Your magical capacity is low. (-10% MP) [an orb of fire]
 87589 | Zot:5    | Lost mutation: You are clumsy. (Dex -2) [an orb of fire]
 87595 | Zot:5    | Gained mutation: Scrolls take you a little longer to read. [an orb of fire]
 87597 | Zot:5    | Killed an orb of fire
 87627 | Zot:5    | Noticed an ancient lich
 87632 | Zot:5    | Killed an ancient lich
 87766 | Zot:5    | Noticed an orb of fire
 87767 | Zot:5    | Gained mutation: Your body sometimes deteriorates upon taking damage. [an orb of fire]
 87773 | Zot:5    | Killed an orb of fire
 88015 | Zot:5    | Lost mutation: You are weak. (Str -2) [potion of cure mutation]
 88015 | Zot:5    | Lost mutation: Your body sometimes deteriorates upon taking damage. [potion of cure mutation]
 88015 | Zot:5    | Lost mutation: Your magical capacity is low. (-10% MP) [potion of cure mutation]
 88015 | Zot:5    | Lost mutation: Scrolls take you a little longer to read. [potion of cure mutation]
 88165 | Zot:5    | Got the Orb of Zot
 88471 | Depths:2 | Noticed Fuem the pandemonium lord
 88732 | D:$      | Escaped with the Orb!

Skill      XL: |  1  2  3  4  5  6  7  8  9 10 11 12 13 14 15 16 17 18 19 20 21 22 23 24 25 26 27 |
---------------+----------------------------------------------------------------------------------+-----
Spellcasting   | 3 4 5 6 8 10 11 12 13 14 15 16 17 18 19 20 | 20.6
Conjurations   | 2 4 5 6 9 11 12 13 | 13.2
Ice Magic      | 4 5 6 8 |  8.8
Charms         | 1 2 6 |  6.6
Hexes          | 2 |  2.4
Summonings     | 2 5 7 8 10 | 10.2
Fighting       | 3 7 9 10 11 12 13 14 15 | 15.3
Maces & Flails | 2 0 |  0.0
Dodging        | 3 6 8 9 10 11 12 13 14 15 16 17 | 17.6
Air Magic      | 3 6 7 8 11 13 15 18 19 20 21 22 23 | 23.9
Evocations     | 1 5 8 |  8.2
Stealth        | 4 5 |  5.0
Armour         | 5 8 9 10 12 13 14 | 14.6
Necromancy     | 2 5 |  5.0
Shields        | 3 5 10 12 14 18 21 22 23 | 23.0
Staves         | 6 9 10 | 10.3
Translocations | 5 8 |  8.2

Action                   |  1- 3 |  4- 6 |  7- 9 | 10-12 | 13-15 | 16-18 | 19-21 | 22-24 | 25-27 || total
-------------------------+-------+-------+-------+-------+-------+-------+-------+-------+-------++-------
Melee: Mace              |     6 |       |       |       |       |       |       |       |       ||     6
       Whip              |     3 |    32 |   104 |   171 |   381 |   425 |       |       |       ||  1116
       Staff             |       |       |       |       |       |    36 |   532 |   395 |   760 ||  1723
 Cast: Freeze            |    47 |   132 |    57 |    51 |     2 |       |       |       |       ||   289
       Throw Frost       |     5 |    29 |   131 |   127 |       |       |       |       |       ||   292
       Ozocubu's Armour  |     2 |     8 |    15 |    16 |    41 |    61 |    34 |    21 |    18 ||   216
       Ensorcelled Hiber |       |     5 |     5 |       |       |       |       |       |       ||    10
       Dazzling Spray    |       |     1 |       |     4 |       |       |       |       |       ||     5
       Summon Ice Beast  |       |       |    49 |   118 |    59 |     8 |       |       |       ||   234
       Throw Icicle      |       |       |     4 |   119 |   515 |   500 |    73 |    74 |    69 ||  1354
       Summon Lightning  |       |       |     2 |    27 |    41 |    30 |       |       |       ||   100
       Repel Missiles    |       |       |       |     2 |     2 |     6 |     4 |     3 |     7 ||    24
       Lightning Bolt    |       |       |       |     4 |    65 |    21 |     3 |     5 |     5 ||   103
       Spellforged Servi |       |       |       |       |    34 |    47 |       |       |       ||    81
       Confuse           |       |       |       |       |     4 |     2 |       |       |       ||     6
       Swiftness         |       |       |       |       |     1 |       |     1 |       |     1 ||     3
       Regeneration      |       |       |       |       |     1 |     3 |     3 |     6 |    18 ||    31
       Tornado           |       |       |       |       |       |    28 |    96 |    70 |   123 ||   317
       Blink             |       |       |       |       |       |       |     1 |     1 |       ||     2
       Orb of Destructio |       |       |       |       |       |       |       |       |    13 ||    13
       Malign Gateway    |       |       |       |       |       |       |       |       |     5 ||     5
       Dispel Undead     |       |       |       |       |       |       |       |       |     5 ||     5
Invok: Curse Item        |       |     2 |     3 |     2 |     5 |     5 |     2 |       |     5 ||    24
       Transfer Knowledg |       |       |       |       |       |     1 |       |       |       ||     1
Evoke: Wand              |       |       |       |     1 |     3 |     2 |     1 |     2 |     1 ||    10
  Use: Potion            |     1 |     1 |     2 |     6 |     4 |     6 |     1 |     2 |     6 ||    29
       Scroll            |     2 |     5 |    11 |    16 |    16 |    17 |     4 |     2 |    19 ||    92
 Stab: Sleeping          |       |     4 |     2 |       |       |       |     9 |     1 |     7 ||    23
       Distracted        |       |       |       |     4 |    10 |     2 |     5 |       |     1 ||    22
       Invisible         |       |       |       |       |       |     2 |       |       |       ||     2
  Eat: Chunk             |     2 |    12 |    13 |    34 |    47 |    49 |    70 |    49 |    40 ||   316
       Pizza             |       |     1 |       |       |     2 |       |     1 |     2 |     4 ||    10
       Beef jerky        |       |       |     1 |       |       |       |       |     1 |       ||     2
       Meat ration       |       |       |     3 |     1 |     5 |     8 |       |       |     6 ||    23
       Royal jelly       |       |       |       |     2 |     2 |     1 |     3 |       |     1 ||     9
       Fruit             |       |       |       |       |     1 |     1 |     1 |     1 |       ||     4
Armor: Robe              |     7 |    28 |    49 |    44 |    34 |       |       |       |       ||   162
       Steam dragon scal |       |       |       |       |    77 |   294 |   112 |    64 |   116 ||   663
Dodge: Dodged            |    36 |    78 |   121 |   182 |   501 |   950 |   479 |   378 |   404 ||  3129
       Deflected         |       |       |       |     7 |    21 |    39 |    29 |    23 |    18 ||   137
Block: Buckler           |       |       |       |       |    59 |   345 |   145 |       |       ||   549
       Shield            |       |       |       |       |       |       |    21 |   296 |   210 ||   527
       Large shield      |       |       |       |       |       |       |       |       |   417 ||   417
